Map: Lightshade LE

Players

Nice

  • Race: Protoss Protoss
  • League: Grandmaster
  • Spawn Location: 11:00

Has - Winner!

  • Race: Protoss Protoss
  • Spawn Location: 5:00

Event: DreamHack SC2 Masters 2020 Winter

VOD

Have the link to the VOD?

Description

Time

  • Played on: Oct. 25, 2020, 10:17 a.m.
  • Length: 15:25

All games in this series

Show
View Real Time Build Order
Export as new Build Order

Nice Protoss 

Build Orders: 1 Gate Expand 

Get SALT Encoding   

  12  0:00  Probe  
  13  0:12  Probe  
  14  0:20  Pylon  
  14  0:24  Probe  
  15  0:38  Probe (Chrono Boost)  
  15  0:40  Gateway  
  16  0:48  Assimilator, Probe (Chrono Boost)  
  17  0:53  Probe (Chrono Boost)  
  18  1:04  Probe  
  19  1:16  Probe  
  20  1:23  Nexus  
  20  1:33  Cybernetics Core  
  20  1:40  Probe  
  20  1:41  Assimilator  
  21  1:52  Probe  
  22  1:54  Pylon  
  22  2:04  Probe  
  23  2:10  Stalker (Chrono Boost)  
  23  2:15  Warp Gate  
  25  2:16  Probe  
  25  2:22  Shield Battery  
  26  2:28  Probe  
  27  2:31  Stalker (Chrono Boost)  
  29  2:39  Probe  
  30  2:49  Stargate  
  30  2:56  Stalker (Chrono Boost)  
  31  3:02  Shield Battery  
  31  3:12  Gateway  
  31  3:17  Stalker  
  33  3:21  Shield Battery  
  33  3:32  Probe x2  
  35  3:37  Void Ray (Chrono Boost)  
  35  4:04  Probe x2  
  35  4:09  Stalker x2  
  41  4:16  Probe x2  
  43  4:18  Shield Battery  
  43  4:21  Oracle (Chrono Boost)  
  46  4:31  Pylon  
  46  4:35  Pylon  
  46  4:39  Shield Battery  
  46  4:50  Probe (Chrono Boost)  
  48  4:54  Probe (Chrono Boost)  
  49  5:01  Probe (Chrono Boost)  
  49  5:04  Probe (Chrono Boost)  
  49  5:05  Probe (Chrono Boost)  
  51  5:09  Twilight Council  
  51  5:14  Gateway, Probe (Chrono Boost)  
  52  5:15  Pylon  
  52  5:21  Probe (Chrono Boost)  
  53  5:25  Probe (Chrono Boost), Sentry x2  
  53  5:28  Pylon  
  59  5:30  Probe x2 (Chrono Boost)  
  56  5:40  Probe x2  
  58  5:52  Probe x2  
  60  6:04  Probe  
  60  6:09  Blink (Chrono Boost), Probe  
  62  6:14  Assimilator  
  62  6:15  Assimilator, Pylon  
  62  6:16  Probe  
  63  6:22  Probe  
  64  6:28  Probe  
  64  6:31  Forge  
  65  6:34  Probe  
  66  6:40  Probe  
  66  6:44  Robotics Facility  
  66  6:46  Probe  
  68  6:48  Gateway x2  
  68  6:49  Gateway  
  68  6:51  Stalker  
  68  6:53  Stalker  
  70  7:02  Probe x2  
  70  7:04  Protoss Ground Weapons Level 1 (Chrono Boost)  
  70  7:05  Pylon  
  72  7:10  Stalker  
  72  7:14  Probe  
  75  7:31  Observer  
  76  7:37  Robotics Bay  
  76  7:38  Photon Cannon  
  76  7:47  Nexus  
  76  7:48  Pylon  
  76  7:51  Probe x2  
  78  7:52  Immortal (Chrono Boost)  
  78  7:54  Sentry  
  84  8:03  Probe x2  
  86  8:09  Stalker x2  
  86  8:15  Probe  
  78  8:20  Stalker x2  
  78  8:21  Stalker  
  84  8:29  Observer (Chrono Boost)  
  84  8:31  Stalker  
  84  8:33  Stalker  
  89  8:37  Pylon  
  89  8:39  Stalker  
  86  8:43  Stalker x2  
  86  8:45  Probe  
  89  8:51  Probe  
  89  8:52  Disruptor (Chrono Boost)  
  90  8:57  Probe  
  90  9:01  Shield Battery  
  94  9:03  Probe  
  94  9:09  Probe  
  94  9:14  Stalker  
  94  9:15  Stalker x2  
  100  9:24  Disruptor (Chrono Boost)  
  100  9:27  Protoss Ground Weapons Level 2 (Chrono Boost)  
  100  9:30  Probe x3  
  100  9:42  Probe  
  98  9:47  Shield Battery  
  98  9:48  Pylon  
  98  9:50  Disruptor (Chrono Boost)  
  101  9:54  Stalker  
  101  9:55  Probe x3  
  101  9:56  Stalker  
  94  10:22  Stalker  
  94  10:23  Stalker x5  
  106  10:33  Pylon  
  104  10:36  Observer  
  104  10:39  Assimilator, Disruptor (Chrono Boost)  
  107  10:45  Assimilator  
  107  10:46  Photon Cannon  
  107  10:47  Photon Cannon  
  107  10:49  Pylon  
  107  10:57  Gateway  
  107  10:59  Gateway, Sentry x2  
  111  11:05  Charge  
  111  11:09  Stalker  
  113  11:14  Stalker  
  113  11:15  Disruptor  
  113  11:17  Probe x3  
  116  11:29  Stalker  
  116  11:30  Stalker, Zealot x2  
  122  11:42  Dark Shrine  
  122  11:43  Zealot  
  122  11:44  Pylon  
  124  11:51  Probe  
  125  11:54  Colossus (Chrono Boost)  
  125  11:58  Robotics Facility  
  131  12:07  Observer  
  131  12:08  Protoss Ground Weapons Level 3  
  131  12:12  Pylon, Nexus  
  131  12:14  Zealot  
  133  12:17  Extended Thermal Lance (Chrono Boost)  
  133  12:29  Stalker x3  
  138  12:30  Stalker  
  138  12:31  Zealot  
  138  12:36  Zealot x2  
  118  12:56  Stalker x5  
  118  13:17  Templar Archives  
  118  13:21  Nexus, Sentry x3  
  118  13:23  Pylon  
  118  13:25  Colossus (Chrono Boost)  
  118  13:26  Observer (Chrono Boost)  
  131  13:41  Probe x2  
  107  13:56  Stalker x3  
  107  13:57  Stalker x3  
  119  14:05  High Templar x2  
  119  14:07  Shield Battery  
  123  14:12  Archon  
  95  14:22  Stalker x4  
  95  14:23  Zealot  
  87  14:30  Zealot  
Show
View Real Time Build Order
Export as new Build Order

Has Protoss - Winner!

Build Orders:  

Get SALT Encoding   

  12  0:00  Probe  
  13  0:12  Probe  
  14  0:16  Pylon  
  14  0:24  Probe (Chrono Boost)  
  16  0:36  Probe (Chrono Boost)  
  16  0:37  Gateway  
  16  0:41  Probe (Chrono Boost)  
  17  0:45  Assimilator  
  17  0:51  Probe  
  17  0:54  Assimilator  
  18  1:03  Probe (Chrono Boost)  
  19  1:07  Gateway  
  19  1:15  Probe (Chrono Boost)  
  20  1:23  Probe (Chrono Boost)  
  20  1:24  Cybernetics Core  
  21  1:29  Probe  
  22  1:34  Pylon  
  22  1:41  Probe  
  24  1:56  Pylon  
  24  2:02  Stalker x2  
  24  2:05  Warp Gate  
  27  2:17  Robotics Facility  
  27  2:18  Probe  
  28  2:31  Adept  
  28  2:32  Adept  
  32  2:40  Probe  
  33  2:56  Pylon  
  33  3:05  Observer (Chrono Boost)  
  34  3:06  Probe  
  39  3:23  Observer  
  39  3:28  Stargate  
  39  3:33  Pylon  
  39  3:51  Probe  
  36  4:03  Probe  
  36  4:08  Nexus  
  36  4:09  Observer, Oracle (Chrono Boost)  
  35  4:15  Probe  
  39  4:17  Pylon  
  39  4:19  Pylon  
  37  4:25  Stalker  
  37  4:26  Observer  
  37  4:29  Pylon  
  39  4:35  Probe  
  40  4:39  Oracle  
  40  4:43  Shield Battery  
  43  4:47  Probe  
  43  4:52  Sentry x2  
  48  4:53  Shield Battery  
  48  4:54  Shield Battery  
  48  4:59  Probe  
  49  5:11  Probe  
  49  5:23  Twilight Council, Probe (Chrono Boost)  
  49  5:24  Probe (Chrono Boost)  
  51  5:34  Probe x2 (Chrono Boost)  
  53  5:39  Probe x2 (Chrono Boost)  
  52  5:50  Probe x2  
  52  5:53  Assimilator  
  52  5:54  Gateway  
  52  5:55  Stalker x2, Gateway  
  52  5:56  Assimilator  
  58  5:58  Blink (Chrono Boost)  
  58  6:02  Probe x2  
  60  6:19  Gateway  
  60  6:21  Robotics Facility  
  60  6:29  Stalker  
  60  6:30  Stalker  
  60  6:32  Probe  
  65  6:46  Probe  
  66  6:50  Pylon  
  66  6:51  Stalker x2  
  66  6:52  Stalker x2  
  74  7:06  Probe x2  
  74  7:07  Forge  
  76  7:11  Observer (Chrono Boost)  
  77  7:17  Nexus  
  77  7:18  Pylon  
  77  7:23  Pylon  
  77  7:34  Probe  
  77  7:35  Pylon  
  78  7:38  Stalker x4  
  78  7:43  Stalker  
  88  7:45  Protoss Ground Weapons Level 1 (Chrono Boost)  
  88  7:50  Warp Prism (Chrono Boost)  
  90  8:04  Probe  
  89  8:21  Stalker x5  
  89  8:25  Probe  
  89  8:26  Pylon  
  100  8:28  Pylon  
  98  8:48  Probe  
  100  8:50  Stalker x4  
  100  8:51  Stalker  
  104  8:57  Probe  
  101  9:11  Warp Prism (Chrono Boost)  
  101  9:16  Probe x3  
  98  9:21  Charge (Chrono Boost)  
  98  9:22  Sentry x2  
  102  9:24  Templar Archives  
  102  9:28  Probe  
  103  9:33  Gateway x2, Probe, Protoss Ground Weapons Level 2 (Chrono Boost)  
  103  9:34  Probe  
  105  9:44  Stargate  
  105  9:45  Stargate  
  105  9:47  Stargate  
  105  9:55  Probe  
  105  9:57  Assimilator  
  107  10:01  Assimilator  
  107  10:03  Zealot x2  
  107  10:04  Zealot x2  
  107  10:05  Zealot  
  106  10:23  Probe  
  106  10:24  Probe x2  
  109  10:29  Phoenix (Chrono Boost)  
  109  10:30  Phoenix (Chrono Boost)  
  109  10:33  Zealot x6  
  121  10:40  Pylon  
  117  10:45  Phoenix, Observer  
  117  10:46  Phoenix  
  119  10:54  High Templar x2  
  119  10:55  Zealot x4  
  131  10:59  Zealot  
  131  11:03  Archon  
  133  11:10  Phoenix  
  135  11:12  Phoenix  
  137  11:20  Observer  
  133  11:28  Pylon  
  133  11:29  Photon Cannon  
  133  11:32  Warp Prism (Chrono Boost)  
  133  11:33  Pylon  
  133  11:35  Photon Cannon  
  133  11:37  Phoenix x2  
  133  11:39  High Templar  
  141  11:51  High Templar x3  
  141  11:52  Zealot x3  
  153  11:56  Archon x2  
  153  12:17  Pylon  
  153  12:18  Zealot x2  
  153  12:19  Pylon  
  153  12:21  Nexus  
  156  12:36  Zealot  
  156  12:37  Zealot x4  
  163  12:45  Dark Shrine  
  107  13:02  Immortal (Chrono Boost)  
  107  13:03  Zealot x7  
  121  13:11  Phoenix x2 (Chrono Boost)  
  125  13:24  High Templar x2  
  125  13:25  High Templar x2, Zealot  
  125  13:26  Zealot x2  
  139  13:28  Archon  
  139  13:29  Archon  
  139  13:31  Photon Cannon  
  139  13:33  Photon Cannon, Probe x3  
  139  13:34  Probe  
  137  13:52  Zealot x3  
  139  13:55  Immortal (Chrono Boost)  
  139  13:57  Zealot x4  
  139  13:59  Probe x2  
  139  14:00  Probe  
  139  14:02  Pylon  
  154  14:03  Probe  
  127  14:25  Zealot x7  
  127  14:27  Probe x2  
  129  14:32  Phoenix x2  
Tags
 
Add a new tag
Caveats
  • Supply blocks, unpowered buildings, or Contaminate may cause inaccurate times.
  • Supply counts are checked every 10 seconds.